 Dungeon Crawl Stone Soup version 0.31.0-11-ge490571c62 (webtiles) character file.

Game seed: 16377533329992021221

39 qw the Shooter (level 3, -10/20 HPs)
             Began as a Deep Elf Hunter on Feb 3, 2024.
             Mangled by Sigmund
             ... wielding a +0 scythe
              (11 damage)
             ... on level 2 of the Dungeon.
             The game lasted 00:00:16 (881 turns).

qw the Shooter (Deep Elf Hunter)                     Turns: 881, Time: 00:00:17

Health: -10/20     AC:  3    Str: 10    XL:     3   Next: 28%
Magic:  5/5        EV: 12    Int: 13    God:
Gold:   89         SH:  0    Dex: 18    Spells: 2/2 levels left

rFire   . . .        a - +0 shortbow
rCold   . . .        (shield currently unavailable)
rNeg    . . .        c - +0 leather armour
rPois   .            (no helmet)
rElec   .            (no cloak)
rCorr   .            (no gloves)
SInv    .            (no boots)
Will    .....        (no amulet)
Stlth   ++           (no ring)
HPRegen 0.23/turn    (no ring)
MPRegen 0.09/turn

%: no passive effects
@: no status effects
A: no striking features
a: no special abilities


You were on level 2 of the Dungeon.
You visited 1 branch of the dungeon, and saw 2 of its levels.

You collected 89 gold pieces.


   Skills:
 - Level 1.5 Fighting
 + Level 6.9 Ranged Weapons
 - Level 2.4 Dodging
 - Level 1.2 Stealth


You had 2 spell levels left.
You didn't know any spells.
Your spell library was empty.

Inventory:

Hand Weapons
 a - a +0 shortbow (weapon)
Armour
 c - a +0 leather armour (worn)
Scrolls
 b - a scroll of teleportation {unknown}
 d - a scroll of revelation {unknown}
 g - a scroll of identify
Potions
 e - 2 potions of curing
 f - a potion of invisibility {unknown}
 h - a potion of attraction {unknown}

Dungeon Overview and Level Annotations

Branches:
Dungeon (2/15)

Altars:

Annotations:
D:2 Sigmund


Message History

Sigmund the Dreaded comes into view.
He is wielding a +0 scythe and wearing a +2 robe of willpower.
Sigmund shouts!
You shoot an arrow. The arrow hits Sigmund!
Sigmund is moderately wounded.
You shoot an arrow.
The arrow hits Sigmund but does no damage.
Sigmund is moderately wounded.
You shoot an arrow. The arrow hits Sigmund!
Sigmund is severely wounded.
You shoot an arrow. The arrow closely misses Sigmund.
You shoot an arrow. The arrow barely misses Sigmund.
Sigmund barely misses you.
You shoot an arrow.
The arrow hits Sigmund but does no damage.
Sigmund is severely wounded.
Sigmund casts a spell at you. The puff of flame hits you!
Ouch! That really hurt!
You shoot an arrow. The arrow hits Sigmund.
Sigmund is almost dead.
Sigmund barely misses you.
You shoot an arrow.
The arrow hits Sigmund but does no damage.
Sigmund is almost dead.
Sigmund barely misses you.
You shoot an arrow.
The arrow hits Sigmund but does no damage.
Sigmund is almost dead.
You shoot an arrow. The arrow hits Sigmund.
Sigmund is almost dead.
Sigmund mumbles some strange words.
Sigmund flickers and vanishes!
Deactivating autopickup; reactivate with Ctrl-A.
You shoot an arrow. Something hits you!
Ouch! That really hurt!
You shoot an arrow. Something hits you!
Ouch! That really hurt!
You die...

#................#
#................#
##..........%..#
###.....#.....##
#...#####..#####.#
#.#.# ##.### #.#
#.#.# #...# #.#
#######.#.# ###.#
#.# #....?.@..#
#.###.#
#.........#
#..##.#
#......{..#
##.##.#
#.!.......# #.#..#
#.........# #...##
#.........#
####..##
#.........#
#.......
#.........#
#....... #.......


There were no monsters in sight!

Vanquished Creatures
  2 dart slugs (D:1)
  5 endoplasms (D:1)
  3 goblins (D:1)
  4 hobgoblins
  2 quokkas (D:2)
  6 ball pythons
  2 bats (D:1)
  4 frilled lizards (D:1)
  3 kobolds (D:1)
  5 rats (D:1)
36 creatures vanquished.

Notes
Turn   | Place    | Note
-------+----------+-------------------------------------------
     0 | D:1      | qw the Deep Elf Hunter began the quest for the Orb.
     0 | D:1      | Reached XP level 1. HP: 12/12 MP: 3/3
     0 | D:1      | 0 ||| qw: Version: 0.3-a-155-g5e7d8dd
     0 | D:1      | 0 ||| qw: Game counter: 3107
     0 | D:1      | 0 ||| qw: Melee chars always use a shield: true
     0 | D:1      | 0 ||| qw: God list: Okawaru
     0 | D:1      | 0 ||| qw: Allow faded altars: false
     0 | D:1      | 0 ||| qw: Do Orc after clearing Dungeon:15 true
     0 | D:1      | 0 ||| qw: Do second Lair branch before Depths: true
     0 | D:1      | 0 ||| qw: Lair rune preference: random
     0 | D:1      | 0 ||| qw: Goals: Normal
     0 | D:1      | 0 ||| PLANNING D:1-11
   227 | D:1      | Reached skill level 6 in Ranged Weapons
   227 | D:1      | Reached XP level 2. HP: 16/16 MP: 4/4
   570 | D:1      | Noticed a glass eye
   575 | D:1      | 575 ||| READING 2 scrolls labelled ACHAVV RUGITO.
   575 | D:1      | 575 ||| IDENTIFYING 2 emerald potions
   576 | D:1      | 576 ||| READING scroll of identify.
   576 | D:1      | 576 ||| IDENTIFYING scroll labelled MOLOEM OLUMM
   577 | D:1      | 577 ||| DROPPING scroll of butterflies.
   578 | D:1      | 578 ||| DROPPING scroll of noise.
   579 | D:1      | Found a faded altar of an unknown god.
   585 | D:1      | Noticed an eye of devastation
   585 | D:1      | Noticed an eye of devastation
   585 | D:1      | Noticed a golden eye
   613 | D:1      | Reached XP level 3. HP: 20/20 MP: 5/5
   869 | D:2      | Noticed Sigmund
   880 | D:2      | HP: 1/20 [something (10)]
   881 | D:2      | Mangled by Sigmund

Levels and vault maps discovered:
D:1:      psy_arrival_conway, layout_basic,
          hellmonk_ecumenical_altar_watching_god, moated_statue, st_stairs_4,
          minmay_misc_feat_diagonals, chequers_serial_rivers_large_b,
          minmay_tall_x
D:2:      layout_rooms, uniq_sigmund

Skill      XL: |  1 |
---------------+----+-----
Ranged Weapons | 6 |  6.9
Fighting       | |  1.5
Dodging        | |  2.4
Stealth        | |  1.2

Action                     || total
---------------------------++-------
   Fire: Shortbow          ||    88
    Use: Scroll            ||     2
 Armour: Leather armour    ||     7
  Dodge: Dodged            ||     6

Table legend:
 A = Non-vault XP
 B = Vault XP
 C = Vault XP percentage of total XP
 D = Non-vault monster count
 E = Vault monster count
 F = Vault count percentage of total count
                 A         B        C        D         E       F
            +---------+---------+-------+---------+---------+-------
      Total |      45 |      12 |  21.1 |      29 |       7 |  19.4
            +---------+---------+-------+---------+---------+-------
        D:1 |      36 |      12 |  25.0 |      24 |       7 |  22.6
        D:2 |       9 |       0 |   0.0 |       5 |       0 |   0.0
            +---------+---------+-------+---------+---------+-------
